 Dungeon Crawl Stone Soup version 0.25.0-3-gd7cc5688da (webtiles) character file.

Game seed: 11327683780195629820

91 Esekla the Grasshopper (level 4, -2/40 HPs)
             Began as a Naga Warper on June 15, 2020.
             Slain by a wyvern skeleton (6 damage)
             ... on level 3 of the Dungeon.
             The game lasted 00:12:19 (2317 turns).

Esekla the Grasshopper (Naga Warper)                Turns: 2317, Time: 00:12:19

Health: -2/40      AC:  5    Str: 13    XL:     4   Next: 59%
Magic:  0/7        EV:  9    Int: 14    God:
Gold:   141        SH:  3    Dex: 11    Spells: 3/7 levels left

rFire    . . .     SeeInvis +   a - +0 falchion
rCold    . . .     Gourm    .   i - +0 buckler
rNeg     . . .     Faith    .   b - +0 leather armour
rPois    +         Spirit   .   q - +0 helmet
rElec    .         Reflect  .   p - scarf {repulsion}
rCorr    .         Harm     .   o - +0 pair of gloves
MR       .....                  (no barding)
Stlth    +.........             (no amulet)
HPRegen  0.13/turn              (no ring)
MPRegen  0.10/turn              (no ring)

@: very slightly contaminated, repel missiles, very slow
A: large, see invisible, deformed body, poison resistance, slowness 2, slow
metabolism 1, spit poison 1, AC +1
a: Spit Poison


You were on level 3 of the Dungeon.
You were hungry.

You visited 1 branch of the dungeon, and saw 3 of its levels.

You collected 141 gold pieces.

Inventory:

Hand Weapons
 a - a +0 falchion (weapon)
Missiles
 e - 5 boomerangs of dispersal (quivered)
Armour
 b - a +0 leather armour (worn)
 i - a +0 buckler (worn)
 o - a +0 pair of gloves (worn)
 p - a scarf of repulsion (worn)
 q - a +0 helmet (worn)
Scrolls
 c - 2 scrolls of remove curse
 d - a scroll of blinking
 k - a scroll of random uselessness {unknown}
 l - a scroll of immolation {unknown}
Potions
 g - 3 potions of curing
 h - a potion of heal wounds {unknown}
 j - a potion of haste
 n - a potion of magic {unknown}
Comestibles
 f - 4 rations


   Skills:
 * Level 2.7 Fighting
 * Level 2.7 Long Blades
 - Level 0.8 Throwing
 + Level 1.4 Armour
 + Level 2.0 Dodging
 * Level 1.1 Shields
 + Level 2.2 Spellcasting
 + Level 3.0 Translocations


You had 3 spell levels left.
You knew the following spells:

 Your Spells              Type           Power        Failure   Level  Hunger
a - Shroud of Golubria    Chrm/Tloc      #.....       30%         2    ###....
b - Blink                 Tloc           N/A          17%         2    ###....

Your spell library contained the following spells:

 Spells                   Type           Power        Failure   Level  Hunger
 Gell's Gravitas          Tloc           ##........   32%         3    ###....
 Lesser Beckoning         Tloc           ##........   32%         3    ###....
 Teleport Other           Tloc           ##......     32%         3    ###....
 Passage of Golubria      Tloc           N/A          73%         4    #####..


Dungeon Overview and Level Annotations

Branches:
Dungeon (3/15)

Altars:


Innate Abilities, Weirdness & Mutations

You cannot wear boots.
Your serpentine skin is tough. (AC +1)
You have supernaturally acute eyesight. (SInv)
Armour fits poorly on your strangely shaped body.
Your system is resistant to poisons. (rPois)
You cover ground very slowly.
You have a slow metabolism.
You can spit poison.


Message History

You block the wyvern skeleton's attack.
Casting: Blink (safe; 17% risk of failure)
Confirm with . or Enter, or press ? or * to list all spells.
You miscast Blink.
You are very lightly contaminated with residual magic.
Nothing appears to happen.
The wyvern skeleton bites you.
* * * LOW HITPOINT WARNING * * *
Casting: Blink (safe; 17% risk of failure)
Confirm with . or Enter, or press ? or * to list all spells.
You blink.
Press: ? - help, Shift-Dir - straight line, f - wyvern skeleton
Aim: a wyvern skeleton (severely damaged)
Okay, then.
Casting: Blink (safe; 17% risk of failure)
Confirm with . or Enter, or press ? or * to list all spells.
Space distorts slightly along a thin shroud covering your body.
You hit the wyvern skeleton.
The wyvern skeleton is severely damaged.
The wyvern skeleton barely misses you. The wyvern skeleton bites you.
You die...

# ##.#..# ##'# ... #.##...#.#
##...## #.# #........###.>...##
######.#
####...####.......####.#.##.#
##...####.........##.#...#(#####
#.......+.........'.###.........
##...####.........##.#...#######
##.## #......Z####.#.## #..#
##....@## #.### #.## ######...##
#.# #.# #.......).# #.# #.#
#.#####.#.# #.# #.# #.#
###.#.#####(#
##.####.###......†))(.#
#.#.............#######
##(####.##......# ###
#.........#


You could see a wyvern skeleton.

Vanquished Creatures
  4 adders (D:2)
  2 worms (D:2)
  A dart slug (D:3)
  4 leopard geckos
  An orc (D:3)
  3 giant cockroaches (D:2)
  4 goblins
  7 hobgoblins
  3 jackals (D:3)
  5 bats
  A frilled lizard (D:2)
  2 kobolds (D:2)
  5 rats
42 creatures vanquished.

Notes
Turn   | Place    | Note
-------+----------+-------------------------------------------
     0 | D:1      | Esekla the Naga Warper began the quest for the Orb.
     0 | D:1      | Reached XP level 1. HP: 19/19 MP: 3/3
   517 | D:1      | Reached XP level 2. HP: 17/26 MP: 5/5
   521 | D:1      | Learned a level 2 spell: Blink
   524 | D:1      | Learned a level 2 spell: Shroud of Golubria
   997 | D:2      | Reached skill level 1 in Armour
  1237 | D:2      | Reached skill level 1 in Shields
  1237 | D:2      | Reached XP level 3. HP: 12/33 MP: 6/6
  1560 | D:2      | Reached XP level 4. HP: 35/40 MP: 4/7
  2317 | D:3      | Slain by a wyvern skeleton

Illustrated notes

Levels and vault maps discovered:
D:1:      matt_arrival_los_fun, layout_basic, minmay_misc_feat_alley,
          minmay_misc_feat_pillars
D:2:      layout_basic, first_ration, grunt_ministairs_1
D:3:      layout_loops_corners, led_sif_pool, uniq_terence, uniq_jessica

Skill      XL: |  1  2  3 |
---------------+----------+-----
Armour         | 1 |  1.4
Shields        | 1 |  1.1
Dodging        | 2 |  2.0
Fighting       | |  2.7
Long Blades    | |  2.7
Throwing       | |  0.8
Spellcasting   | |  2.2
Translocations | |  3.0

Action                   |  1- 3 |  4- 6 || total
-------------------------+-------+-------++-------
Melee: Falchion          |    62 |    59 ||   121
 Cast: Shroud of Golubri |     1 |     1 ||     2
       Blink             |       |     2 ||     2
 Abil: Spit Poison       |    20 |    12 ||    32
  Use: Scroll            |     3 |       ||     3
  Eat: Chunk             |     1 |     4 ||     5
Armor: Leather armour    |    16 |    21 ||    37
Dodge: Dodged            |    38 |    41 ||    79
       Repelled          |       |     2 ||     2
Block: Buckler           |    14 |    10 ||    24
       Rpst.: Falchion   |     8 |    12 ||    20
